 Dungeon Crawl Stone Soup version 0.23.1 (webtiles) character file.

Game seed: 0

82308 OdinFK the Eclecticist (level 15, -5/76 HPs)
             Began as a Deep Elf Fire Elementalist on Mar 10, 2019.
             Was a High Priest of Vehumet.
             Slain by a sea snake (13 damage)
             ... on level 2 of the Shoals.
             The game lasted 02:10:47 (16955 turns).

OdinFK the Eclecticist (DEFE)                      Turns: 16955, Time: 02:10:48

Health: -5/76      AC:  8    Str:  8    XL:     15   Next: 29%
Magic:  6/39       EV: 15    Int: 27    God:    Vehumet [*****.]
Gold:   752        SH:  0    Dex: 15    Spells: 7/50 levels left

rFire    + + .     SeeInvis .   X - +7 sceptre of Torment {pain, torment}
rCold    + . .     Gourm    .   (no shield)
rNeg     . . .     Faith    .   O - +2 robe {rC+}
rPois    +         Spirit   .   s - +0 helmet
rElec    .         Reflect  .   n - scarf {rC+ rF+}
rCorr    .         Harm     .   B - +1 pair of gloves {Str+3}
MR       +....                  H - +0 pair of boots
Stlth    ++........             U - amulet of magic regeneration
HPRegen  0.22/turn              j - ring of poison resistance
MPRegen  0.51/turn              r - ring of fire

@: no status effects
A: no striking features
a: Renounce Religion


You were on level 2 of the Shoals.
You worshipped Vehumet.
Vehumet was extremely pleased with you.
You were hungry.

You visited 4 branches of the dungeon, and saw 20 of its levels.
You visited 1 bazaar.
You also visited: Gauntlet.

You collected 1414 gold pieces.
You spent 662 gold pieces at shops.

Inventory:

Hand Weapons
 X - the +7 sceptre of Torment (weapon) {pain, torment}
   (You found it on level 5 of the Lair of Beasts)

   In the hands of one skilled in necromantic magic, it inflicts extra damage on
   living creatures.
Armour
 a - the +0 helmet "Canoolu" {rElec Str+6 Int-4 SInv}
   (You found it in a Gauntlet)

   It affects your strength (+6).
   It affects your intelligence (-4).
   It insulates you from electricity.
   It lets you see invisible.
 n - a scarf of resistance (worn)
 s - a +0 helmet (worn)
 B - a +1 pair of gloves of strength (worn)
 H - a +0 pair of boots (worn)
 J - a +2 cloak
 O - a +2 robe of cold resistance (worn)
 Y - the +0 cloak of the Fiend {rElec MP+9 Int+4}
   (You found it in a Gauntlet)

   It affects your intelligence (+4).
   It insulates you from electricity.
   It affects your magic capacity (+9).
Jewellery
 f - an uncursed ring of positive energy
 j - a ring of poison resistance (left hand)
 o - an uncursed ring of protection from cold
 r - a ring of fire (right hand)
 E - an uncursed ring of flight
 U - an amulet of magic regeneration (around neck)
 V - an uncursed ring of wizardry
Wands
 F - a wand of acid (7)
 G - a wand of digging (5)
 I - a wand of flame (46)
 M - a wand of iceblast (23)
 W - a wand of scattershot (6)
Scrolls
 b - 3 scrolls of immolation
 d - 4 scrolls of fog
 k - a scroll of silence {unknown}
 q - 5 scrolls of magic mapping
 w - 2 scrolls of holy word
 x - 5 scrolls of fear
 y - 8 scrolls of teleportation
 C - 3 scrolls of amnesia
 D - 4 scrolls of remove curse
 K - 2 scrolls of acquirement
 L - 2 scrolls of enchant weapon {unknown}
 S - a scroll of noise {unknown}
 T - a scroll of brand weapon {unknown}
Potions
 e - 2 potions of lignification
 g - a potion of degeneration {unknown}
 i - 9 potions of curing
 l - 3 potions of heal wounds
 m - a potion of ambrosia {unknown}
 t - a potion of resistance {unknown}
 u - 2 potions of agility
 v - 2 potions of haste
 z - 3 potions of brilliance
 A - 3 potions of flight
 N - a potion of invisibility {unknown}
 P - 2 potions of might
 Q - 2 potions of mutation
 R - a potion of cancellation {unknown}
Miscellaneous
 Z - a phial of floods
Comestibles
 c - 36 rations
 p - 12 chunks of flesh


   Skills:
 + Level 2.0 Fighting
   Level 2.5 Short Blades
 + Level 5.7 Dodging
 - Level 2.4 Stealth
 + Level 18.2 Spellcasting
 + Level 15.6 Conjurations
 + Level 6.5 Charms
 * Level 16.4 Fire Magic
 + Level 0.4 Air Magic
 + Level 5.3 Earth Magic
 + Level 1.0 Evocations


You had 7 spell levels left.
You knew the following spells:

 Your Spells              Type           Power        Failure   Level  Hunger
a - Flame Tongue          Conj/Fire      #####        0%          1    None
b - Throw Flame           Conj/Fire      ######       0%          2    None
c - Conjure Flame         Conj/Fire      ########     0%          3    None
d - Sticky Flame          Conj/Fire      ########     1%          4    None
e - Fireball              Conj/Fire      ########..   1%          5    None
f - Stone Arrow           Conj/Erth      ######       1%          3    None
g - Iskenderun's Battles  Conj/Chrm      ######..     1%          5    None
h - Bolt of Magma         Conj/Fire/Erth #######...   1%          5    None
i - Bolt of Fire          Conj/Fire      ########..   1%          6    ##.....
j - Ring of Flames        Chrm/Fire      #######...   14%         7    #####..
k - Swiftness             Chrm/Air       #####...     1%          2    None

Your spell library contained the following spells:

 Spells                   Type           Power        Failure   Level  Hunger
 Conjure Ball Lightning   Conj/Air       ######....   3%          6    ##.....
 Beastly Appendage        Tmut           ###...       1%          1    None
 Shock                    Conj/Air       ####         1%          1    None
 Summon Small Mammal      Summ           ###.         1%          1    None
 Ignite Poison            Fire/Tmut/Pois ######..     1%          3    None
 Inner Flame              Hex/Fire       #######.     1%          3    None
 Static Discharge         Conj/Air       ######..     1%          3    None
 Irradiate                Conj/Tmut      ######....   1%          5    None
 Lightning Bolt           Conj/Air       ######....   1%          5    None
 Venom Bolt               Conj/Pois      ######....   1%          5    None
 Iron Shot                Conj/Erth      ######....   1%          6    ##.....
 Orb of Destruction       Conj           #######...   1%          7    #####..
 Call Imp                 Summ           ###.....     2%          2    None
 Sticks to Snakes         Tmut           ###.....     2%          2    None
 Airstrike                Air            ####......   4%          4    None
 Call Canine Familiar     Summ           ###.....     5%          3    None
 Spider Form              Tmut/Pois      ###.......   5%          3    None
 Summon Guardian Golem    Hex/Summ       ###.....     5%          3    None
 Summon Lightning Spire   Summ/Air       ####....     17%         4    None
 Spellforged Servitor     Conj/Summ      ######....   17%         7    #####..
 Ice Form                 Ice/Tmut       ###.....     19%         4    None
 Summon Ice Beast         Ice/Summ       ###.....     19%         4    None
 Blade Hands              Tmut           ###.......   45%         5    None
 Statue Form              Tmut/Erth      #####....    67%         6    ##.....
 Hydra Form               Tmut           ###.......   96%         6    ##.....
 Dragon Form              Tmut           ###.......   100%        7    #####..
 Ignition                 Fire           ########..   4%          8    ######.


Dungeon Overview and Level Annotations

Branches:
Dungeon (11/15)            Temple (0/1) D:5            Lair (6/6) D:9
 Shoals (2/4) Lair:3        Snake (1/4) Lair:3        Slime (0/5) Lair:5
    Orc: D:9-12

Altars:
Ashenzari
Dithmenos
Elyvilon
Fedhas
Kikubaaqudgha
Makhleb
Nemelex Xobeh
Okawaru
Qazlal
Uskayaw
Vehumet
Zin
The Shining One

Shops:
D:8 [   D:10 (   D:11 ?

Annotations:
D:5 Prince Ribbit


Message History

You feel much better. The sea snake bites you!
* * * LOW HITPOINT WARNING * * *
The snapping turtle misses you.
Casting: Bolt of Magma (safe; 1% risk of failure)
Confirm with . or Enter, or press ? or * to list all spells.
Okay, then.
Unknown command.
Press: ? - help, v - describe, . - travel Some shallow water.
Unknown command.
Press: ? - help, v - describe, . - travel
Here: a snapping turtle (severely wounded, covered in acid)
The floor.
The sea snake closely misses you. The snapping turtle closely misses you.
You sock the snapping turtle!
The snapping turtle is almost dead.
The sea snake bites you!
* * * LOW HITPOINT WARNING * * *
The snapping turtle misses you. The sea snake bites you!
You die...

..≈≈≈.).###...≈...
..≈≈.........≈≈...
.≈≈≈.)≈....≈≈≈≈...
..≈≈)≈)≈..[≈≈≈≈≈≈.#
.....≈≈≈≈≈≈≈≈≈.≈≈≈≈.#
.≈≈≈≈≈≈≈.≈≈≈≈...≈..#
.≈≈≈≈≈≈≈≈≈≈≈≈...#
.≈≈≈≈≈≈≈≈≈≈t@...#
≈≈≈≈≈≈≈≈≈≈...S≈.#
≈≈≈≈≈≈≈≈≈≈...≈≈.##
≈≈≈≈≈≈≈≈≈....≈≈.....
≈≈≈≈≈≈≈)≈.##..≈≈≈...
≈≈≈≈≈≈≈≈≈≈≈≈≈..#..≈≈≈....
≈≈≈≈≈≈≈≈≈≈≈≈≈.....≈≈≈≈...
≈≈≈≈≈≈≈≈≈≈≈≈≈≈≈≈≈..≈≈.##.
≈≈≈≈≈≈≈≈≈≈≈≈.≈≈≈≈≈.≈.##


You could see a sea snake and a snapping turtle.

Vanquished Creatures
  Kirke (Shoals:1)
  A minotaur (Gauntlet)
  A blizzard demon (Gauntlet)
  A merfolk impaler (Shoals:2)
  Harold (D:11)
  6 hydras
  A merfolk avatar (Shoals:1)
  4 catoblepae (Lair:6)
  25 death yaks
  A two-headed ogre (D:10)
  A tengu warrior (Gauntlet)
  Nergalle (D:11)
  A sea snake (Shoals:1)
  A mana viper (Lair:3)
  Pikel (D:6)
  A necromancer (Gauntlet)
  An ugly thing (D:11)
  2 cyclopes
  6 elephants (Lair:4)
  7 manticores
  3 fauns (Shoals:1)
  6 black mambas
  Maurice (D:11)
  4 merfolk sirens
  A torpor snail (Lair:5)
  9 spiny frogs
  7 komodo dragons
  6 rime drakes
  An ice devil (Gauntlet)
  2 tengu conjurers (Gauntlet)
  2 meliai (Lair:5)
  2 trolls (D:9)
  A wind drake (Shoals:2)
  A hornet (D:8)
  8 merfolk
  A polar bear (Lair:6)
  9 blink frogs (Lair:2)
  3 dream sheep (Shoals:2)
  A slime creature (Lair:5)
  9 hippogriffs
  A snapping turtle (Shoals:1)
  Sigmund (D:6)
  9 spriggans (Lair:5)
  70 yaks
  2 wyverns
  A wraith (D:10)
  2 water elementals (Shoals:1)
  7 hogs (Shoals:1)
  4 basilisks
  A hungry ghost (D:7)
  2 steam dragons (D:9)
  Edmund (D:6)
  17 water moccasins
  2 ice beasts
  4 orc warriors
  7 porcupines
  A slave (D:6)
  2 eyes of draining
  5 sky beasts
  2 black bears
  5 ogres
  A phantom (D:9)
  7 wolves
  6 centaurs
  19 crocodiles
  A big kobold (D:9)
  Blork the orc (D:6)
  15 bullfrogs
  A gnoll sergeant (D:7)
  A scorpion (D:8)
  48 killer bees
  A wight (D:8)
  2 howler monkeys
  6 crimson imps
  5 hounds
  3 quasits
  3 bullfrog zombies
  3 centaur skeletons
  7 jellies
  14 orc wizards
  A gnoll shaman (D:5)
  5 orc priests
  Ijyb (D:5)
  8 worker ants
  A hound skeleton (D:10)
  A worker ant zombie (D:11)
  Robin (D:2)
  12 gnolls
  A howler monkey skeleton (D:6)
  13 adders
  A shadow imp (D:6)
  A white imp (Gauntlet)
  An adder zombie (D:8)
  An adder skeleton (D:8)
  3 worms
  2 dart slugs (D:1)
  4 leopard geckos
  52 orcs
  5 ball pythons
  5 giant cockroaches
  16 goblins
  11 hobgoblins
  4 jackals (D:4)
  13 kobolds
  6 quokkas
  10 bats
  8 frilled lizards
  A leopard gecko skeleton (D:4)
  A leopard gecko zombie (D:5)
  A quokka zombie (D:5)
  6 rats
  2 fungi
629 creatures vanquished.

Vanquished Creatures (others)
  5 fungi
  4 plants
9 creatures vanquished.

Grand Total: 638 creatures vanquished

Notes
Turn   | Place    | Note
-------+----------+-------------------------------------------
     0 | D:1      | OdinFK the Deep Elf Fire Elementalist began the quest for
                  | the Orb.
     0 | D:1      | Reached XP level 1. HP: 10/10 MP: 6/6
    23 | D:1      | Reached XP level 2. HP: 15/15 MP: 4/8
    27 | D:1      | Learned a level 2 spell: Throw Flame
   381 | D:1      | Reached XP level 3. HP: 19/19 MP: 1/9
   741 | D:2      | Learned a level 3 spell: Conjure Flame
   939 | D:2      | Noticed Robin
   983 | D:2      | Killed Robin
   983 | D:2      | Reached XP level 4. HP: 12/24 MP: 0/11
   989 | D:2      | Learned a level 4 spell: Sticky Flame
  1073 | D:2      | Found a faded altar of an unknown god.
  1104 | D:2      | Reached skill level 4 in Spellcasting
  1360 | D:2      | Reached XP level 5. HP: 28/28 MP: 6/13
  1528 | D:3      | Found a stormy altar of Qazlal.
  2214 | D:4      | Reached XP level 6. HP: 32/32 MP: 13/15
  2289 | D:4      | Found an iron altar of Okawaru.
  2297 | D:4      | Reached skill level 5 in Spellcasting
  2297 | D:4      | Reached skill level 5 in Fire Magic
  2353 | D:4      | Found a sparkling altar of Nemelex Xobeh.
  2539 | D:4      | Found a glowing golden altar of the Shining One.
  2540 | D:4      | Found an ancient bone altar of Kikubaaqudgha.
  2541 | D:4      | Found a radiant altar of Vehumet.
  2704 | D:4      | Became a worshipper of Vehumet
  2731 | D:5      | Entered Level 5 of the Dungeon
  2731 | D:5      | Noticed Prince Ribbit
  2738 | D:4      | Reached skill level 1 in Short Blades
  2743 | D:4      | Reached XP level 7. HP: 22/36 MP: 1/17
  2755 | D:4      | Learned a level 5 spell: Fireball
  3249 | D:5      | Reached skill level 6 in Spellcasting
  3492 | D:5      | Reached skill level 5 in Conjurations
  3528 | D:5      | Found a staircase to the Ecumenical Temple.
  3555 | D:5      | Noticed Ijyb
  3558 | D:5      | Killed Ijyb
  3602 | D:5      | Reached * piety under Vehumet
  3602 | D:5      | Offered knowledge of Shock by Vehumet.
  3718 | D:5      | Reached XP level 8. HP: 42/42 MP: 9/20
  3760 | D:5      | Reached skill level 7 in Spellcasting
  3864 | D:5      | Reached skill level 1 in Fighting
  4221 | D:6      | Noticed Edmund
  4230 | D:6      | Killed Edmund
  4403 | D:6      | Noticed Blork the orc
  4415 | D:6      | Killed Blork the orc
  4537 | D:6      | Noticed Sigmund
  4542 | D:6      | Killed Sigmund
  4596 | D:6      | Reached skill level 8 in Spellcasting
  4664 | D:6      | Noticed Pikel
  4828 | D:6      | Killed Pikel
  4828 | D:6      | Reached XP level 9. HP: 47/47 MP: 12/23
  5022 | D:7      | Offered knowledge of Searing Ray by Vehumet.
  5065 | D:7      | Reached ** piety under Vehumet
  5100 | D:7      | Reached skill level 9 in Spellcasting
  5633 | D:7      | Reached skill level 10 in Spellcasting
  5843 | D:8      | Found Nezxasae's Armour Shop.
  5851 | D:8      | Bought a +0 robe of cold resistance for 77 gold pieces
  6008 | D:8      | Offered knowledge of Stone Arrow by Vehumet.
  6194 | D:8      | Reached *** piety under Vehumet
  6194 | D:8      | Reached XP level 10. HP: 52/52 MP: 7/26
  6199 | D:8      | Learned a level 3 spell: Stone Arrow
  6941 | D:9      | Found a staircase to the Lair.
  6953 | D:9      | Offered knowledge of Ignite Poison by Vehumet.
  6985 | D:9      | Noticed a manticore
  7057 | D:9      | Found a hide-covered altar of Uskayaw.
  7071 | D:9      | Learned a level 5 spell: Iskenderun's Battlesphere
  7169 | D:9      | Reached skill level 11 in Spellcasting
  7231 | D:9      | Found a burning altar of Makhleb.
  7239 | D:9      | Found a blossoming altar of Fedhas.
  7239 | D:9      | Found a shattered altar of Ashenzari.
  7239 | D:9      | Found a white marble altar of Elyvilon.
  7239 | D:9      | Found a hide-covered altar of Uskayaw.
  7240 | D:9      | Found a glowing silver altar of Zin.
  7241 | D:9      | Found a shadowy altar of Dithmenos.
  7277 | D:9      | Killed a manticore
  7277 | D:9      | Reached skill level 10 in Conjurations
  7362 | D:9      | Learned a level 5 spell: Bolt of Magma
  7616 | D:10     | Entered Level 10 of the Dungeon
  7616 | D:10     | Found Piujiwev's Weapon Shop.
  7669 | D:10     | Reached skill level 10 in Fire Magic
  7784 | D:10     | Noticed a two-headed ogre
  7794 | D:10     | Killed a two-headed ogre
  7934 | D:10     | Reached skill level 12 in Spellcasting
  7994 | D:10     | Reached skill level 1 in Earth Magic
  8398 | D:11     | Noticed Harold
  8401 | D:11     | Killed Harold
  8401 | D:11     | Reached skill level 5 in Dodging
  8401 | D:11     | Reached skill level 1 in Charms
  8401 | D:11     | Reached XP level 11. HP: 37/56 MP: 15/29
  8453 | D:11     | Found Yveidgh's Magic Scroll Shoppe.
  8477 | D:11     | Reached **** piety under Vehumet
  8500 | D:11     | Noticed Maurice
  8504 | D:11     | Killed Maurice
  8524 | D:11     | Found a flickering gateway to a bazaar.
  8530 | Bazaar   | Entered a bazaar
  8531 | Bazaar   | Found Bawn's Book Shoppe.
  8539 | Bazaar   | Found Wokoi's Distillery.
  8543 | Bazaar   | Found Feekai's General Store.
  8547 | Bazaar   | Found Suekhlod's Distillery.
  8563 | Bazaar   | Found Doorymn's Book Boutique.
  8598 | Bazaar   | Bought a book of Fire for 585 gold pieces
  8655 | D:11     | Noticed a red ugly thing
  8660 | D:11     | Killed a red ugly thing
  8688 | D:11     | Noticed Nergalle
  8692 | D:11     | Killed Nergalle
  8845 | D:11     | Offered knowledge of Dazzling Spray by Vehumet.
  9404 | Lair:1   | Entered Level 1 of the Lair of Beasts
  9423 | Lair:1   | Learned a level 6 spell: Bolt of Fire
  9424 | Lair:1   | You fall through a shaft!
  9431 | Lair:2   | Noticed a four-headed hydra
  9457 | Lair:2   | Reached skill level 13 in Spellcasting
  9596 | Lair:2   | Noticed a six-headed hydra
  9695 | Lair:2   | Killed a four-headed hydra
 10243 | Lair:1   | Reached XP level 12. HP: 45/61 MP: 16/31
 10545 | Lair:2   | Killed a six-headed hydra
 10545 | Lair:2   | Reached ***** piety under Vehumet
 10545 | Lair:2   | Reached skill level 14 in Spellcasting
 10625 | Lair:2   | Offered knowledge of Force Lance by Vehumet.
 11233 | Lair:3   | Found a staircase to the Snake Pit.
 11668 | Lair:3   | Found a staircase to the Shoals.
 11873 | Lair:4   | Reached skill level 15 in Spellcasting
 11952 | Lair:4   | Offered knowledge of Olgreb's Toxic Radiance by Vehumet.
 11989 | Lair:4   | Reached XP level 13. HP: 63/65 MP: 2/34
 13396 | Lair:5   | Found a staircase to the Slime Pits.
 13399 | Lair:5   | Offered knowledge of Yara's Violent Unravelling by Vehumet.
 13442 | Lair:5   | Reached skill level 16 in Spellcasting
 14194 | Lair:5   | Found the +7 sceptre of Torment {pain, torment}
 14273 | Lair:6   | Entered Level 6 of the Lair of Beasts
 14277 | Lair:6   | Reached skill level 1 in Evocations
 14307 | Lair:6   | Reached XP level 14. HP: 60/71 MP: 3/36
 14508 | Lair:6   | Found a gate leading to a gauntlet.
 14522 | Gauntlet | Entered a Gauntlet
 14522 | Gauntlet | Found a transporter.
 14522 | Gauntlet | Found a transporter.
 14522 | Gauntlet | Found a transporter.
 14526 | Gauntlet | Found a transporter.
 14526 | Gauntlet | Found a transporter.
 14526 | Gauntlet | Found a transporter.
 14536 | Gauntlet | Found a transporter.
 14540 | Gauntlet | Found a transporter.
 14552 | Gauntlet | Found a transporter.
 14555 | Gauntlet | Found a transporter.
 14576 | Gauntlet | Found a transporter.
 14578 | Gauntlet | Found a transporter.
 14779 | Gauntlet | Learned a level 7 spell: Ring of Flames
 14825 | Gauntlet | Learned a level 2 spell: Swiftness
 14835 | Gauntlet | Reached skill level 5 in Charms
 14853 | Gauntlet | Got a brightly glowing cloak
 14875 | Gauntlet | Identified the +0 cloak of the Fiend {rElec MP+9 Int+4}
                  | (You found it in a Gauntlet)
 14890 | Gauntlet | Reached skill level 17 in Spellcasting
 14910 | Gauntlet | Got a scorched helmet
 15125 | Lair:6   | Identified the cursed +0 helmet "Canoolu" {rElec Str+6
                  | Int-4 SInv} (You found it in a Gauntlet)
 15166 | Lair:6   | Offered knowledge of Conjure Ball Lightning by Vehumet.
 15170 | Lair:6   | Reached skill level 15 in Fire Magic
 15487 | Lair:6   | Reached skill level 15 in Conjurations
 15654 | Lair:6   | Reached skill level 5 in Earth Magic
 16261 | Snake:1  | Entered Level 1 of the Snake Pit
 16356 | Shoals:1 | Entered Level 1 of the Shoals
 16404 | Shoals:1 | Reached XP level 15. HP: 50/76 MP: 22/38
 16591 | Shoals:1 | Reached skill level 18 in Spellcasting
 16728 | Shoals:1 | Noticed Kirke
 16744 | Shoals:1 | Killed Kirke
 16762 | Shoals:1 | Identified 2 scrolls of acquirement
 16955 | Shoals:2 | Slain by a sea snake

Skill      XL: |  1  2  3  4  5  6  7  8  9 10 11 12 13 14 15 |
---------------+----------------------------------------------+-----
Fire Magic     | 4 5 6 8 9 10 11 12 14 15 16 | 16.4
Conjurations   | 2 3 4 5 7 9 10 12 13 14 15 | 15.6
Spellcasting   | 4 5 6 8 10 12 13 15 16 17 18 | 18.2
Dodging        | 3 4 5 |  5.7
Short Blades   | 1 2 |  2.5
Fighting       | 1 2 |  2.0
Earth Magic    | 1 3 4 5 |  5.3
Charms         | 1 3 4 6 |  6.5
Evocations     | 1 |  1.0
Stealth        | |  2.4
Air Magic      | |  0.4

Action                   |  1- 3 |  4- 6 |  7- 9 | 10-12 | 13-15 || total
-------------------------+-------+-------+-------+-------+-------++-------
Melee: Dagger            |    15 |    33 |    28 |    29 |     1 ||   106
       Eveningstar       |       |       |       |       |     2 ||     2
 Cast: Flame Tongue      |    30 |    77 |   121 |   110 |    64 ||   402
       Throw Flame       |    20 |    39 |    43 |    32 |    13 ||   147
       Conjure Flame     |     1 |       |       |       |       ||     1
       Sticky Flame      |       |     6 |    36 |    29 |    31 ||   102
       Fireball          |       |       |    17 |    23 |    60 ||   100
       Iskenderun's Batt |       |       |       |    50 |    48 ||    98
       Bolt of Magma     |       |       |       |    48 |    32 ||    80
       Stone Arrow       |       |       |       |    10 |     2 ||    12
       Bolt of Fire      |       |       |       |    40 |   119 ||   159
       Ring of Flames    |       |       |       |       |     3 ||     3
       Swiftness         |       |       |       |       |     1 ||     1
Evoke: Wand              |       |       |     3 |     1 |     5 ||     9
  Use: Scroll            |     2 |     2 |     9 |     6 |     9 ||    28
       Potion            |       |     1 |       |       |     3 ||     4
 Stab: Sleeping          |     1 |       |     7 |     2 |       ||    10
  Eat: Chunk             |     1 |     6 |    21 |    31 |    28 ||    87
Armor: Robe              |     3 |    15 |    24 |    19 |    13 ||    74
Dodge: Dodged            |    17 |    22 |    55 |    69 |    71 ||   234
